 Dungeon Crawl Stone Soup version 0.24-a0-536-gdd4cf15266 (webtiles) character file.

Game seed: 10972081231257837105

95 MirrMurr the Scratcher (level 4, 0/19 HPs)
             Began as a Felid Transmuter on Aug 11, 2019.
             Slain by a ball python (1 damage)
             ... on level 4 of the Dungeon.
             The game lasted 00:10:21 (5231 turns).

MirrMurr the Scratcher (Felid Transmuter)           Turns: 5231, Time: 00:10:22

Health: 0/19       AC:  1    Str:  6    XL:     4   Next: 39%
Magic:  3/8        EV: 15    Int: 15    God:
Gold:   139        SH:  0    Dex: 16    Spells: 1/7 levels left
                                        Lives:  0   Deaths: 1

rFire    + . .     SeeInvis +     - Unarmed
rCold    . . .     Gourm    .   (shield unavailable)
rNeg     . . .     Faith    .   (armour unavailable)
rPois    .         Spirit   .   (helmet unavailable)
rElec    .         Reflect  .   (cloak unavailable)
rCorr    .         Harm     .   (gloves unavailable)
MR       .....                  (boots unavailable)
Stlth    ++........             (no amulet)
HPRegen  0.06/turn              l - ring of protection from fire
MPRegen  0.11/turn              (no ring)

@: appendage, very slightly contaminated, constricted, quick
A: very small, no armour, no weapons or thrown items, stealth, claws 1, fangs 3,
horns 2, see invisible, carnivore, speed 1, shaggy fur 1, slow metabolism 1,
sharp paws
a: End Transformation


You were on level 4 of the Dungeon.
You were full.
You had grown temporary horns.
You visited 1 branch of the dungeon, and saw 4 of its levels.

You collected 139 gold pieces.

Inventory:

Missiles
 a - 52 arrows
Jewellery
 l - a ring of protection from fire (left paw)
Wands
 d - a wand of paralysis (10)
 p - a wand of disintegration (6)
Scrolls
 b - a scroll of teleportation
 i - a scroll of blinking
 r - a scroll of remove curse
Potions
 f - 5 potions of curing
 g - 4 potions of mutation {unknown}
 j - a potion of might {unknown}
 k - a potion of resistance {unknown}
 m - a potion of cancellation {unknown}
 q - a potion of brilliance {unknown}
Comestibles
 c - 8 rations


   Skills:
 - Level 1.0 Fighting
 - Level 3.3 Dodging
 - Level 1.8 Stealth
 - Level 3.7 Unarmed Combat
 - Level 2.0 Spellcasting
 + Level 3.3 Transmutations
 * Level 2.8 Poison Magic


You had one spell level left.
You knew the following spells:

 Your Spells              Type           Power        Failure   Level  Hunger
a - Beastly Appendage     Tmut           ##....       6%          1    #......
b - Sticks to Snakes      Tmut           ##......     9%          2    ###....
c - Spider Form           Tmut/Pois      ##........   19%         3    ###....

Your spell library contained the following spells:

 Spells                   Type           Power        Failure   Level  Hunger
 Apportation              Tloc           #.....       22%         1    #......
 Summon Butterflies       Summ           #.......     22%         1    #......
 Lesser Beckoning         Tloc           #.........   54%         3    ###....
 Tukima's Dance           Hex            #.......     54%         3    ###....
 Ice Form                 Ice/Tmut       #.......     75%         4    #####..
 Blade Hands              Tmut           ##........   85%         5    ######.
 Alistair's Intoxication  Tmut/Pois      ##......     87%         5    ######.
 Invisibility             Hex            #.......     100%        6    #######


Dungeon Overview and Level Annotations

Branches:
Dungeon (4/15)
 Temple: D:4-7

Altars:
Elyvilon
Gozag
Qazlal
Beogh

Annotations:
D:3 3 runed translucent doors, milododd's ghost, amateur DgFE


Innate Abilities, Weirdness & Mutations

You cannot wear armour.
You are incapable of wielding weapons or throwing items.
Your paws allow you to move quietly. (Stealth)
You have sharp claws.
You have razor-sharp teeth.
You have supernaturally acute eyesight. (SInv)
You are carnivorous and can eat meat at any time.
You cover ground quickly.
You are covered in fur. (AC +1)
You have a slow metabolism.
Your sharp claws are effective at attacking unaware monsters.
You have a pair of horns on your head.


Message History

The orc hits you but does no damage.
The orc priest calls upon Beogh to heal the orc.
The orc's wounds heal themselves!
The orc closely misses you. The orc hits you with a +0 dagger.
You scratch the orc priest.
The orc priest is almost dead.
The ball python bites you. The ball python constricts you.
The orc barely misses you. The orc closely misses you.
Unknown command.
Casting: Beastly Appendage (safe; 6% risk of failure)
Confirm with . or Enter, or press ? or * to list all spells.
You miscast Spider Form.
You are very lightly contaminated with residual magic.
Waves of light ripple over your body. The ball python bites you.
The ball python constricts you. The orc hits you with a +0 dagger.
The orc barely misses you.
The orc priest hits you with a +0 dagger.
* * * LOW HITPOINT WARNING * * *
The ball python completely misses you.
You die...

#######. ....#... ...
#.....# .....
####...#.## .....
##.........## .....
#....#......######.....
.#....###.............#
.....ooo#...##.....)..#
.[....o@..............##
..#...oS..####......#..#
#.......###.......##..
..........##............
.###......#...#.........
###.......###........
###..... ###......#
###...##.#......#
#...#..........


You could see an orc priest, 4 orcs and a ball python.

Vanquished Creatures
  An orc priest (D:4)
  A gnoll (D:1)
  5 adders
  A worm (D:2)
  3 dart slugs
  4 leopard geckos
  6 orcs
  7 bats
  4 giant cockroaches
  7 goblins
  8 hobgoblins
  2 jackals (D:2)
  A frilled lizard (D:4)
  5 kobolds
  8 rats
63 creatures vanquished.

Notes
Turn   | Place    | Note
-------+----------+-------------------------------------------
     0 | D:1      | MirrMurr the Felid Transmuter began the quest for the Orb.
     0 | D:1      | Reached XP level 1. HP: 9/9 MP: 4/4
    19 | D:1      | Reached skill level 1 in Stealth
    19 | D:1      | Reached XP level 2. HP: 11/12 MP: 4/6
    33 | D:1      | Learned a level 2 spell: Sticks to Snakes
   877 | D:1      | Reached XP level 3. HP: 15/15 MP: 5/7
   892 | D:1      | Learned a level 3 spell: Spider Form
  1450 | D:2      | Reached skill level 1 in Poison Magic
  2164 | D:2      | Reached XP level 4. HP: 19/19 MP: 6/8
  2326 | D:2      | Found a stormy altar of Qazlal.
  3063 | D:3      | Found an opulent altar of Gozag.
  3123 | D:3      | Found a white marble altar of Elyvilon.
  3779 | D:3      | Found a runed translucent gate.
  3780 | D:3      | Found a runed translucent gate.
  3781 | D:3      | Found a runed translucent gate.
  3782 | D:3      | Noticed milododd's ghost (amateur DgFE)
  3785 | D:3      | Found a roughly hewn altar of Beogh.
  5170 | D:4      | Killed from afar by an orc priest
  5171 | D:4      | Reached XP level 3. HP: 0/15 MP: 5/7
  5200 | D:4      | Reached XP level 4. HP: 19/19 MP: 4/8
  5231 | D:4      | Slain by a ball python

Levels and vault maps discovered:
D:1:      lightli_arrival_noodles, layout_loops_ring, minmay_hedge_maze
D:2:      layout_basic, nicolae_overflow_hidden_temple
D:3:      layout_loops_corners, elyvilon_altar_1, nicolae_gozag_seed_capital,
          biasface_ghost_orc_armoury, minmay_misc_feat_five
D:4:      layout_cave_pools, nicolae_overflow_crystal_walls

Skill      XL: |  1  2  3  4 |
---------------+-------------+-----
Dodging        | 3 |  3.3
Stealth        | 1 |  1.8
Poison Magic   | 1 2 |  2.8
Transmutations | 3 |  3.3
Fighting       | |  1.0
Unarmed Combat | |  3.7
Spellcasting   | |  2.0

Action                   |  1- 3 |  4- 6 || total
-------------------------+-------+-------++-------
Melee: Unarmed           |   101 |    95 ||   196
       Headbutt          |     7 |    11 ||    18
       Bite              |     4 |     9 ||    13
       Punch             |       |     1 ||     1
 Cast: Beastly Appendage |    20 |    18 ||    38
       Sticks to Snakes  |     4 |     1 ||     5
       Spider Form       |     1 |     2 ||     3
  Use: Scroll            |     1 |     8 ||     9
 Stab: Sleeping          |     6 |     2 ||     8
  Eat: Chunk             |    13 |     7 ||    20
Armor: Skin              |     6 |     4 ||    10
Dodge: Dodged            |    73 |    82 ||   155

Table legend:
 A = Non-vault XP
 B = Vault XP
 C = Vault XP percentage of total XP
 D = Non-vault monster count
 E = Vault monster count
 F = Vault count percentage of total count
                 A         B        C        D         E       F
            +---------+---------+-------+---------+---------+-------
      Total |     234 |       0 |   0.0 |      63 |       0 |   0.0
            +---------+---------+-------+---------+---------+-------
        D:1 |      57 |       0 |   0.0 |      22 |       0 |   0.0
        D:2 |      68 |       0 |   0.0 |      24 |       0 |   0.0
        D:3 |      49 |       0 |   0.0 |      12 |       0 |   0.0
        D:4 |      60 |       0 |   0.0 |       5 |       0 |   0.0
            +---------+---------+-------+---------+---------+-------
